 Dungeon Crawl Stone Soup version 0.23-a0-350-g6fd5563 (webtiles) character file.

86 Loudmushroom the Covered (level 4, 29/29 HPs)
             Began as a Gargoyle Fighter on Oct 20, 2018.
             Quit the game on level 3 of the Dungeon.
             The game lasted 00:12:14 (2616 turns).

Loudmushroom the Covered (Gargoyle Fighter)         Turns: 2616, Time: 00:12:15

Health: 29/29      AC:  9    Str: 20    XL:     4   Next: 49%
Magic:  4/4        EV:  7    Int:  9    God:
Gold:   143        SH:  9    Dex:  9    Spells: 3/3 levels left

rFire    . . .     SeeInvis .   a - +0 war axe
rCold    . . .     Gourm    .   c - +0 shield
rNeg     + . .     Faith    .   l - -1 scale mail (curse)
rPois    ∞         Spirit   .   (no helmet)
rElec    +         Reflect  .   (no cloak)
rCorr    .         Harm     .   (no gloves)
MR       .....                  (no boots)
Stlth    ..........             (no amulet)
HPRegen  0.09/turn              (no ring)
MPRegen  0.09/turn              (no ring)

@: about to teleport
A: negative energy resistance 1, electricity resistance, unbreathing,
petrification resistance, rot immunity, AC +3
a: no special abilities


You were on level 3 of the Dungeon.
You were hungry.

You visited 1 branch of the dungeon, and saw 3 of its levels.

You collected 143 gold pieces.

Inventory:

Hand Weapons
 a - a +0 war axe (weapon)
 b - a +0 hunting sling
 o - a +0 flail
Missiles
 e - 81 stones
 m - 17 sling bullets
 n - 5 javelins (quivered)
Armour
 c - a +0 shield (worn)
 k - a +0 scale mail
 l - a cursed -1 scale mail (worn)
Scrolls
 g - 2 scrolls of identify
 r - a scroll of teleportation
Potions
 d - a potion of might
 h - a potion of brilliance
 i - a potion of curing {unknown}
 s - a potion of flight {unknown}
 t - a potion of mutation {unknown}
Comestibles
 f - 4 rations


   Skills:
 + Level 3.8 Fighting
 * Level 2.9 Axes
 + Level 3.9 Armour
 + Level 3.8 Shields


You had 3 spell levels left.
You didn't know any spells.
Your spell library was empty.

Dungeon Overview and Level Annotations

Branches:
Dungeon (3/15)

Altars:
Zin


Innate Abilities, Weirdness & Mutations

You are resistant to torment.
Your stone body is resilient. (AC +3)
You are immune to poison.
You resist negative energy. (rN+)
You are resistant to electric shocks. (rElec)
You can survive without breathing.
You are immune to petrification.
You are immune to rotting.


Message History

You continue taking off your +0 scale mail. x4
You finish taking off your +0 scale mail.
You start putting on your armour.
You continue putting on your glowing scale mail. x5
You finish putting on your cursed -1 scale mail.
Oops, that feels deathly cold.
As you read the scroll labeled PUECZA HACRO, it crumbles to dust.
It is a scroll of identify.
h - a potion of brilliance
As you read the scroll labeled CIRHAFAKHLE, it crumbles to dust.
The air around you briefly surges with heat, but it dissipates.
It was a scroll of immolation.
As you read the scroll labeled SAUTUM MIPTAK, it crumbles to dust.
It is a scroll of amnesia.
You feel forgetful for a moment.
As you read the scroll labeled SUYH PEHALUOM, it crumbles to dust.
You feel momentarily disoriented.
It was a scroll of magic mapping.
As you read the scroll labeled LIGUTT AHEHYSMI, it crumbles to dust.
You feel strangely unstable.
It was a scroll of teleportation.
Are you sure you want to abandon this character and quit the game? (Confirm

#............<..# ########
########.............#.###.......
.....................#...........
#..................#.#..##.......
#.######.....#####.#.#..##.......
................##.#.#..###...###
#.########......>................
#.# #............#..###...### #.#
#.......@#####..# #...#
#.#######........# #..# #...###
#.#....##........# #..# #......
..#.##.##........#####..###....##
###.##.##........................
....##....#######...##.........##
########### #...##.........#
#...##.........# #...##.........#


There were no monsters in sight!

Vanquished Creatures
  3 adders
  An ooze (D:3)
  4 worms
  8 bats
  5 giant cockroaches
  4 hobgoblins
  4 jackals (D:2)
  5 frilled lizards
  2 goblins (D:1)
  2 kobolds
  6 rats
44 creatures vanquished.

Notes
Turn   | Place    | Note
-------+----------+-------------------------------------------
     0 | D:1      | Loudmushroom the Gargoyle Fighter began the quest for the
                  | Orb.
     0 | D:1      | Reached XP level 1. HP: 14/14 MP: 1/1
   332 | D:1      | Reached XP level 2. HP: 19/19 MP: 2/2
   843 | D:2      | Reached XP level 3. HP: 10/23 MP: 3/3
  1457 | D:3      | Found a glowing silver altar of Zin.
  1457 | D:3      | Noticed an angel
  1534 | D:3      | Reached XP level 4. HP: 29/29 MP: 4/4
  2115 | D:3      | Found a faded altar of an unknown god.
  2616 | D:3      | Quit the game

Vault maps used:
D:1:      dpeg_arrival_boxorama
D:2:      first_ration
D:3:      zin_angel, chequers_ecumenical_altar_lobes

Skill      XL: |  1 |
---------------+----+-----
Axes           | 2 |  2.9
Fighting       | |  3.8
Armour         | |  3.9
Shields        | |  3.8

Action                   |  1- 3 |  4- 6 || total
-------------------------+-------+-------++-------
Melee: War axe           |   112 |   106 ||   218
  Use: Scroll            |       |     5 ||     5
  Eat: Chunk             |     2 |     3 ||     5
Armor: Scale mail        |    54 |    71 ||   125
Dodge: Dodged            |    39 |    30 ||    69
Block: Shield            |    65 |    57 ||   122

Table legend:
 A = Non-vault XP
 B = Vault XP
 C = Vault XP percentage of total XP
 D = Non-vault monster count
 E = Vault monster count
 F = Vault count percentage of total count
                 A         B        C        D         E       F
            +---------+---------+-------+---------+---------+-------
      Total |     123 |       0 |   0.0 |      44 |       0 |   0.0
            +---------+---------+-------+---------+---------+-------
        D:1 |      18 |       0 |   0.0 |      12 |       0 |   0.0
        D:2 |      52 |       0 |   0.0 |      12 |       0 |   0.0
        D:3 |      53 |       0 |   0.0 |      20 |       0 |   0.0
            +---------+---------+-------+---------+---------+-------
